 Dungeon Crawl Stone Soup version 0.30-a0-385-gfebfb9b (webtiles) character file.

Game seed: 3611082566540908958

51 BarneyGumball the Cudgeller (level 3, 0/36 HPs)
             Began as an Ogre Gladiator on Dec 2, 2022.
             Slain by a gnoll
             ... wielding a +0 spear
             ... led by a gnoll bouda
              (2 damage)
             ... on level 4 of the Dungeon.
             The game lasted 00:03:05 (1108 turns).

BarneyGumball the Cudgeller (Ogre Gladiator)        Turns: 1108, Time: 00:03:05

Health: 0/36       AC:  3    Str: 20    XL:     3   Next: 81%
Magic:  3/3        EV: 10    Int:  9    God:
Gold:   52         SH:  0    Dex: 10    Spells: 2/2 levels left

rFire   . . .      SeeInvis .    a - +0 flail
rCold   . . .      Faith    .    (no shield)
rNeg    . . .      Spirit   .    b - +0 robe
rPois   .          Reflect  .    c - +0 hat
rElec   .          Harm     .    (no cloak)
rCorr   .          Rampage  .    (gloves unavailable)
Will    .....                    (boots unavailable)
Stlth   +.........               (no amulet)
HPRegen 0.26/turn                (no ring)
MPRegen 0.08/turn                (no ring)

@: about to teleport
A: large, unfitting armour, tough skin 1
a: no special abilities


You were on level 4 of the Dungeon.
You visited 1 branch of the dungeon, and saw 3 of its levels.

You collected 52 gold pieces.

Inventory:

Hand Weapons
 a - a +0 flail (weapon)
Missiles
 d - 3 throwing nets
 e - a large rock (quivered)
Armour
 b - a +0 robe (worn)
 c - a +0 hat (worn)
Scrolls
 g - a scroll of vulnerability {unknown}
 h - a scroll of magic mapping {unknown}
 i - 3 scrolls of identify


   Skills:
 - Level 2.6 Fighting
 * Level 3.5 Maces & Flails
 + Level 2.5 Throwing
 + Level 3.1 Dodging


You had 2 spell levels left.
You didn't know any spells.
Your spell library was empty.

Dungeon Overview and Level Annotations

Branches:
Dungeon (2/15)

Altars:

Shops:
D:1 :


Innate Abilities, Weirdness & Mutations

You are too large for most types of armour.
You have tough skin. (AC +1)


Message History

The gnoll shouts! x4; The gnoll bouda shouts!
The gnoll barely misses you.
The gnoll bouda barks out a call to the hunt!
The gnolls pick up the pace!
The gnoll moves out of view. x2
As you read the scroll labelled PAREMOARIAT, it crumbles to dust.
It is a scroll of identify.
f - 2 scrolls of teleportation
As you read the scroll of teleportation, it crumbles to dust.
You feel strangely unstable.
Your surroundings suddenly seem different.
Natasha and a giant cockroach come into view.
Found 4 boomerangs.
Natasha attacks as you move away! Natasha claws you! Natasha misses you.
Natasha attacks as you move away! Natasha claws you.
You sock Natasha!
Natasha is severely wounded.
Natasha claws you. The gnoll closely misses you.
You closely miss Natasha.
Natasha is severely wounded.
Natasha claws you. The gnoll closely misses you.
You hit Natasha.
Natasha is almost dead.
Natasha casts a spell at you. You resist with some effort.
The gnoll hits you from afar with a +0 halberd!
* * * LOW HITPOINT WARNING * * *
You hit Natasha.
You kill Natasha!
Natasha growls in agony!
The gnoll is no longer moving quickly.
The gnoll hits you from afar with a +0 halberd!
* * * LOW HITPOINT WARNING * * *
The giant cockroach barely misses you.
The gnoll hits you from afar with a +0 halberd.
* * * LOW HITPOINT WARNING * * *
As you read the scroll of teleportation, it crumbles to dust.
You feel strangely unstable.
The gnoll hits you from afar with a +0 spear.
You die...

### #.. #.######.####
....########.#gB@......#
.... .......Sgg##.#.####
.... ..........# ... $..
........#.# #### ...
'#........#
..###g#......#..
S.g.g........(... ..#
...####.#... ..# ##.
....###


You could see 3 gnolls, an adder and a giant cockroach.

Vanquished Creatures
  Natasha (D:4)
  A dart slug (D:1)
  A bat (D:1)
  2 endoplasms (D:1)
  5 hobgoblins (D:1)
  2 kobolds (D:1)
  3 quokkas (D:1)
  A ball python (D:1)
  2 goblins (D:1)
  4 rats (D:1)
22 creatures vanquished.

Notes
Turn   | Place    | Note
-------+----------+-------------------------------------------
     0 | D:1      | BarneyGumball the Ogre Gladiator began the quest for the
                  | Orb.
     0 | D:1      | Reached XP level 1. HP: 22/22 MP: 1/1
   169 | D:1      | Reached XP level 2. HP: 26/29 MP: 2/2
   499 | D:1      | Found Xuckodot's Book Emporium.
   862 | D:1      | Reached XP level 3. HP: 36/36 MP: 3/3
  1093 | D:2      | You fall into a shaft and drop 2 floors!
  1099 | D:4      | Noticed Natasha
  1107 | D:4      | Killed Natasha
  1107 | D:4      | HP: 1/36 [gnoll/+0 halberd[a gnoll bouda] (2)]
  1108 | D:4      | Slain by a gnoll

Illustrated notes

Levels and vault maps discovered:
D:1:      dpeg_cavernosity, layout_basic, serial_shops,
          nicolae_shop_hallway_plus
D:2:      layout_basic, eino_tiny_chamber
D:4:      layout_basic, lemuel_doored_altar, uniq_natasha

Skill      XL: |  1  2 |
---------------+-------+-----
Maces & Flails | 3 |  3.5
Dodging        | 3 |  3.1
Fighting       | |  2.6
Throwing       | |  2.5

Action                   || total
-------------------------++-------
Melee: Flail             ||    72
       Punch             ||     1
Throw: Throwing net      ||     1
  Use: Scroll            ||     3
 Stab: Sleeping          ||     1
Armor: Robe              ||    27
Dodge: Dodged            ||    38

Table legend: (Time is in decaauts)
 A = Elapsed time spent in this place.
 B = Non-inter-level travel time spent in this place.
 C = Inter-level travel time spent in this place.
 D = Time resting spent in this place.
 E = Time spent auto-exploring this place.
 F = Levels seen in this place.
 G = Mean time per level.
                   A        B        C        D        E       F      G
               +--------+--------+--------+--------+--------+-----+--------+
         Total |   1126 |   1077 |     49 |      0 |    908 |   3 |  375.3 |
       Dungeon |   1126 |   1077 |     49 |      0 |    908 |   3 |  375.3 |
               +--------+--------+--------+--------+--------+-----+--------+

Top non-repeatable levels by time:
     D:1: 1107 daAuts
     D:4: 15 daAuts
     D:2: 2 daAuts
